 Dungeon Crawl Stone Soup version 0.24-a0-217-g1152973 (webtiles) character file.

Game seed: 11263584327940702650

1447 JeffiDaFish the Reanimator (level 8, -8/41 HPs)
             Began as a Deep Elf Necromancer on Mar 30, 2019.
             Was an Initiate of Sif Muna.
             Mangled by a yak (11 damage)
             ... on level 5 of the Dungeon.
             The game lasted 00:15:46 (8233 turns).

JeffiDaFish the Reanimator (Deep Elf Necromancer)   Turns: 8233, Time: 00:15:47

Health: -8/41      AC:  5    Str:  6    XL:     8   Next: 46%
Magic:  21/21      EV: 16    Int: 22    God:    Sif Muna [......]
Gold:   351        SH:  5    Dex: 15    Spells: 9/21 levels left

rFire    . . .     SeeInvis .   p - +0 rapier
rCold    . . .     Gourm    .   (no shield)
rNeg     . . .     Faith    .   a - +0 robe
rPois    .         Spirit   .   (no helmet)
rElec    .         Reflect  +   j - +0 cloak
rCorr    .         Harm     .   (no gloves)
MR       +....                  g - +1 pair of boots
Stlth    ++........             n - +5 amulet of reflection
HPRegen  0.13/turn              q - ring of protection from magic
MPRegen  0.17/turn              (no ring)

@: about to teleport
A: no striking features
a: Renounce Religion


You were on level 5 of the Dungeon.
You worshipped Sif Muna.
Sif Muna was noncommittal.
You were not hungry.

You visited 2 branches of the dungeon, and saw 7 of its levels.

You collected 351 gold pieces.

Inventory:

Hand Weapons
 p - a +0 rapier (weapon)
Armour
 a - a +0 robe (worn)
 g - a +1 pair of boots (worn)
 j - a +0 cloak (worn)
Jewellery
 n - a +5 amulet of reflection (around neck)
 q - a ring of protection from magic (left hand)
Scrolls
 d - a scroll of amnesia
 e - 3 scrolls of teleportation
 f - 4 scrolls of identify
 h - a scroll of magic mapping
 i - a scroll of enchant armour
 k - 2 scrolls of remove curse {unknown}
Potions
 b - 3 potions of curing
 l - a potion of lignification
 o - a potion of might {unknown}
Comestibles
 c - 7 rations


   Skills:
 + Level 6.7 Dodging
 - Level 2.4 Stealth
 + Level 7.4 Spellcasting
 * Level 10.1 Necromancy


You had 9 spell levels left.
You knew the following spells:

 Your Spells              Type           Power        Failure   Level  Hunger
a - Pain                  Necr           ####         1%          1    None
b - Animate Skeleton      Necr           N/A          1%          1    None
c - Vampiric Draining     Necr           ######....   1%          3    None
d - Regeneration          Chrm/Necr      ####......   3%          3    None
e - Animate Dead          Necr           N/A          1%          4    ###....

Your spell library contained the following spells:

 Spells                   Type           Power        Failure   Level  Hunger


Dungeon Overview and Level Annotations

Branches:
Dungeon (6/15)             Temple (1/1) D:5

Altars:
Ashenzari
Cheibriados
Dithmenos
Fedhas
Okawaru
Ru
Sif Muna
Trog
Uskayaw
Xom
Yredelemnul


Message History

There is a stone staircase leading down here.
Things that are here:
a +0 morningstar; a +0 chain mail
There is a stone staircase leading down here.
Done exploring.
You climb downwards.
A bullfrog comes into view.
The yak misses you. The yak gores you! The yak gores you but does no damage.
The yak closely misses you. You block the yak's attack.
The bullfrog moves out of view.
There is a stone staircase leading up, spattered with blood here.
The yak misses you. x2; The yak barely misses you.
The yak gores you!
You climb upwards.
There is a stone staircase leading down here.
As you read the scroll of teleportation, it crumbles to dust.
You feel strangely unstable. The yak closely misses you. The yak gores you.
The yak gores you!
* * * LOW HITPOINT WARNING * * *
The yak gores you!
You die...

###....####.....(...###..).######
#.#.## ##.......###......# #
#.### ##.....####..###.# # #.#
##...###........##### #.# ##'##
#.#[.##......# #.###########.#
#.#[.##..###.' #.#........##รท#
#.#..##..# ### #.#.######.##Y##
#.#..##..# # #.#.####
#.#.Y@###........# #
#......###....YY#####.##### #
###.##.........######.#
#.######............#
#.######>##.#########
#........##.# ###########.# #.#
#.#


You could see 4 yaks.

Vanquished Creatures
  Eustachio (D:4)
  A yak (D:5)
  An orc warrior (D:5)
  2 ogres (D:5)
  3 bullfrogs
  A scorpion (D:4)
  A howler monkey (D:4)
  3 hounds (D:4)
  An orc priest (D:5)
  4 orc wizards
  A centaur skeleton (D:4)
  Terence (D:3)
  3 worker ants
  Ijyb (D:4)
  9 adders
  A shadow imp (D:6)
  3 oozes
  An adder skeleton (D:5)
  3 dart slugs
  5 leopard geckos
  10 orcs
  4 giant cockroaches
  7 goblins
  A hobgoblin (D:2)
  4 jackals
  10 kobolds
  4 quokkas
  A ball python (D:1)
  A ball python skeleton (D:5)
  4 bats
  3 frilled lizards (D:3)
  10 rats
105 creatures vanquished.

Vanquished Creatures (collateral kills)
  A scorpion (D:5)
  A crimson imp (D:5)
  4 orcs (D:5)
  A bat (D:1)
  A goblin (D:1)
  A jackal zombie (D:5)
9 creatures vanquished.

Grand Total: 114 creatures vanquished

Notes
Turn   | Place    | Note
-------+----------+-------------------------------------------
     0 | D:1      | JeffiDaFish the Deep Elf Necromancer began the quest for
                  | the Orb.
     0 | D:1      | Reached XP level 1. HP: 10/10 MP: 6/6
    10 | D:1      | Learned a level 1 spell: Animate Skeleton
   315 | D:1      | Reached skill level 5 in Necromancy
   477 | D:1      | Reached XP level 2. HP: 7/15 MP: 6/8
  2014 | D:2      | Reached XP level 3. HP: 18/19 MP: 8/10
  2027 | D:2      | Learned a level 3 spell: Vampiric Draining
  2031 | D:2      | Learned a level 3 spell: Regeneration
  2766 | D:3      | Reached skill level 6 in Necromancy
  2766 | D:3      | Reached XP level 4. HP: 19/24 MP: 3/11
  3990 | D:3      | Noticed Terence
  4000 | D:3      | Killed Terence
  4001 | D:3      | Reached XP level 5. HP: 22/28 MP: 0/13
  4119 | D:3      | Learned a level 4 spell: Animate Dead
  4585 | D:4      | You fall through a shaft for 2 floors!
  4643 | D:5      | Entered Level 5 of the Dungeon
  4649 | D:5      | Reached skill level 7 in Necromancy
  4877 | D:4      | Noticed Ijyb
  4912 | D:4      | Killed Ijyb
  4912 | D:4      | Reached XP level 6. HP: 20/32 MP: 9/15
  4914 | D:4      | Reached skill level 5 in Spellcasting
  5393 | D:4      | Noticed Eustachio
  5473 | D:4      | Killed Eustachio
  5473 | D:4      | Reached skill level 5 in Dodging
  5473 | D:4      | Reached skill level 8 in Necromancy
  5473 | D:4      | Reached XP level 7. HP: 28/36 MP: 0/17
  5696 | D:4      | Found a snail-covered altar of Cheibriados.
  5696 | D:4      | Found a bloodstained altar of Trog.
  6206 | D:5      | Reached skill level 9 in Necromancy
  7005 | D:5      | Reached XP level 8. HP: 32/41 MP: 13/20
  7299 | D:5      | Found a staircase to the Ecumenical Temple.
  7305 | Temple   | Entered the Ecumenical Temple
  7353 | Temple   | Became a worshipper of Sif Muna the Loreminder
  7953 | D:5      | Reached skill level 10 in Necromancy
  8233 | D:5      | Mangled by a yak

Levels and vault maps discovered:
D:1:      elethiomel_arrival_diamonds, layout_basic
D:2:      layout_loops_cross, first_ration, minmay_misc_feat_tower
D:3:      layout_loops_cross, uniq_terence
D:4:      layout_loops_ring, gammafunk_temple_overflow_pools, uniq_eustachio,
          uniq_ijyb
D:5:      layout_loops_corners, minmay_temple_entry_fiery,
          kennysheep_generic_room_8
D:6:      lemuel_slime, layout_cave_pools, kennysheep_mini,
          gammafunk_temple_overflow_statue,
          grunt_temple_overflow_order_and_chaos_2, gup_sewer_entry_glass,
          minivault_10
Temple:   jpeg_temple_island

Skill      XL: |  1  2  3  4  5  6  7  8 |
---------------+-------------------------+-----
Necromancy     | 5 6 7 8 9 10 | 10.1
Dodging        | 3 4 5 6 |  6.7
Spellcasting   | 4 5 6 7 |  7.4
Stealth        | |  2.4

Action                   |  1- 3 |  4- 6 |  7- 9 || total
-------------------------+-------+-------+-------++-------
Melee: Dagger            |    32 |    42 |       ||    74
       Unarmed           |     4 |    21 |       ||    25
       Rapier            |       |       |   104 ||   104
 Cast: Pain              |    52 |    69 |    55 ||   176
       Animate Skeleton  |    17 |    13 |    12 ||    42
       Vampiric Draining |     2 |    22 |    22 ||    46
       Regeneration      |       |       |     3 ||     3
  Use: Scroll            |     6 |       |     2 ||     8
       Potion            |     5 |     2 |     2 ||     9
 Stab: Sleeping          |     2 |     1 |     2 ||     5
  Eat: Chunk             |     6 |     9 |     7 ||    22
       Ration            |       |       |     1 ||     1
Armor: Robe              |    19 |     8 |    20 ||    47
       Skin              |       |     2 |       ||     2
Dodge: Dodged            |    34 |    91 |   105 ||   230
Block: Other             |       |     2 |    26 ||    28
       Reflection        |       |       |     1 ||     1

Table legend:
 A = Non-vault XP
 B = Vault XP
 C = Vault XP percentage of total XP
 D = Non-vault monster count
 E = Vault monster count
 F = Vault count percentage of total count
                 A         B        C        D         E       F
            +---------+---------+-------+---------+---------+-------
      Total |    1788 |     280 |  13.5 |     104 |      10 |   8.8
            +---------+---------+-------+---------+---------+-------
        D:1 |      25 |       9 |  26.5 |      14 |       7 |  33.3
        D:2 |      41 |       0 |   0.0 |       9 |       0 |   0.0
        D:3 |     130 |      36 |  21.7 |      27 |       1 |   3.6
        D:4 |     380 |     235 |  38.2 |      14 |       2 |  12.5
        D:5 |    1004 |       0 |   0.0 |      29 |       0 |   0.0
        D:6 |     208 |       0 |   0.0 |      11 |       0 |   0.0
            +---------+---------+-------+---------+---------+-------
